Map: [ESL] Dynasty

Players

Nina

  • Race: Protoss Protoss
  • Spawn Location: 1:00

Astrea - Winner!

  • Race: Protoss Protoss
  • Spawn Location: 7:00

Event: ESL SC2 Masters 2024 Spring (Regional)

VOD

Have the link to the VOD?

Description

Time

  • Played on: May 3, 2024, 3:36 p.m.
  • Length: 12:17

All games in this series

Show
View Real Time Build Order
Export as new Build Order

Nina Protoss 

Build Orders: Oracle Opening 

Get SALT Encoding   

  12  0:00  Probe  
  13  0:12  Probe  
  14  0:17  Pylon  
  14  0:24  Probe (Chrono Boost)  
  15  0:36  Probe (Chrono Boost)  
  15  0:38  Gateway  
  16  0:43  Assimilator  
  16  0:46  Probe (Chrono Boost)  
  17  0:55  Probe  
  18  0:57  Assimilator  
  18  1:07  Probe (Chrono Boost)  
  19  1:19  Probe (Chrono Boost)  
  20  1:27  Cybernetics Core, Probe (Chrono Boost)  
  21  1:34  Pylon, Probe  
  21  1:39  Pylon  
  22  1:46  Probe  
  24  2:08  Nexus  
  23  2:13  Stalker (Chrono Boost)  
  25  2:23  Probe  
  26  2:30  Stargate  
  26  2:34  Warp Gate  
  26  2:35  Probe  
  27  2:38  Sentry  
  29  2:48  Probe  
  30  2:57  Shield Battery  
  30  2:59  Pylon  
  30  3:05  Sentry  
  30  3:12  Pylon  
  32  3:17  Oracle (Chrono Boost)  
  35  3:28  Probe  
  35  3:32  Probe  
  37  3:35  Shield Battery  
  37  3:38  Gateway  
  37  3:43  Stalker  
  37  3:46  Probe  
  39  3:56  Oracle  
  42  4:07  Probe  
  42  4:09  Pylon, Probe  
  42  4:20  Probe (Chrono Boost)  
  42  4:21  Probe (Chrono Boost)  
  44  4:26  Twilight Council  
  45  4:32  Probe (Chrono Boost)  
  45  4:35  Probe (Chrono Boost), Shield Battery  
  45  4:37  Probe (Chrono Boost)  
  46  4:41  Probe  
  46  4:47  Probe (Chrono Boost)  
  47  4:53  Stalker x2, Probe (Chrono Boost)  
  53  5:00  Assimilator  
  53  5:03  Blink (Chrono Boost)  
  53  5:04  Probe (Chrono Boost)  
  53  5:05  Probe (Chrono Boost)  
  54  5:12  Gateway  
  54  5:16  Probe  
  54  5:18  Stalker  
  57  5:22  Stalker  
  57  5:24  Pylon  
  57  5:25  Probe  
  60  5:35  Probe  
  58  5:41  Gateway  
  58  5:42  Stalker  
  60  5:44  Gateway  
  60  5:50  Stalker  
  60  5:55  Dark Shrine, Probe  
  63  6:00  Pylon  
  63  6:05  Pylon  
  63  6:12  Stalker x2  
  67  6:19  Stalker  
  67  6:21  Probe  
  67  6:23  Probe  
  69  6:27  Pylon  
  69  6:33  Probe  
  69  6:34  Gateway  
  69  6:36  Gateway  
  69  6:38  Stalker x3  
  75  6:44  Stalker  
  75  6:46  Probe  
  76  6:56  Stalker  
  74  7:02  Stalker  
  74  7:09  Stalker  
  74  7:18  Stalker  
  64  7:22  Stalker  
  64  7:29  Probe  
  63  7:31  Zealot  
  63  7:32  Zealot x3  
  71  7:40  Probe  
  71  7:41  Stalker x2  
  76  7:50  Pylon  
  76  7:57  Dark Templar  
  76  7:58  Nexus  
  78  8:01  Probe  
  78  8:03  Pylon  
  79  8:05  Stalker  
  81  8:17  Stalker x2  
  81  8:19  Probe  
  84  8:20  Pylon  
  84  8:22  Probe  
  85  8:27  Zealot  
  85  8:28  Zealot x2  
  85  8:31  Probe  
  92  8:35  Forge  
  92  8:36  Probe  
  91  8:41  Shield Battery  
  91  8:42  Charge (Chrono Boost)  
  91  8:43  Probe  
  92  8:48  Probe  
  92  8:53  Stalker x3  
  92  8:55  Probe  
  100  9:01  Probe  
  101  9:06  Protoss Ground Weapons Level 1 (Chrono Boost)  
  101  9:07  Probe  
  102  9:11  Pylon  
  102  9:14  Stalker  
  104  9:17  Assimilator, Nexus  
  104  9:20  Pylon  
  104  9:24  Zealot  
  104  9:25  Zealot  
  108  9:34  Zealot  
  108  9:35  Zealot x2  
  108  9:40  Dark Templar  
  108  9:45  Zealot x2  
  96  9:48  Zealot  
  96  9:50  Probe  
  84  9:55  Zealot x3  
  84  9:56  Probe  
  83  10:02  Probe, Gateway  
  83  10:06  Dark Templar x2  
  87  10:11  Zealot  
  89  10:14  Archon  
  89  10:15  Zealot  
  89  10:16  Zealot  
  92  10:22  Zealot  
  92  10:23  Zealot  
  95  10:35  Zealot x2  
  97  10:41  Zealot x3  
  97  10:42  Probe  
  100  10:43  Probe  
  94  10:53  Zealot x2  
  94  10:56  Probe  
  95  11:00  Sentry x2  
  99  11:06  Shield Battery  
  99  11:13  Dark Templar x2  
  103  11:19  Robotics Facility  
  103  11:20  Archon  
  103  11:23  Probe  
  103  11:24  Probe  
  105  11:27  Probe  
  105  11:31  Zealot x4  
  114  11:41  Dark Templar  
  114  11:46  Pylon  
  116  11:49  Dark Templar  
  116  11:51  Nexus  
  116  11:53  Archon  
  117  11:56  Pylon  
  117  12:05  Zealot x4  
  114  12:08  Zealot  
  114  12:12  Zealot  
Show
View Real Time Build Order
Export as new Build Order

Astrea Protoss - Winner!

Build Orders:  

Get SALT Encoding   

  12  0:00  Probe  
  13  0:12  Probe  
  14  0:17  Pylon  
  14  0:24  Probe (Chrono Boost)  
  15  0:35  Gateway  
  15  0:36  Probe (Chrono Boost)  
  16  0:43  Probe (Chrono Boost)  
  16  0:45  Assimilator  
  17  0:51  Probe  
  18  0:58  Gateway  
  18  1:03  Probe  
  19  1:15  Probe  
  20  1:22  Cybernetics Core  
  20  1:27  Probe  
  20  1:31  Pylon  
  21  1:39  Probe  
  22  1:51  Probe  
  23  1:58  Stalker (Chrono Boost)  
  27  2:01  Stalker (Chrono Boost)  
  27  2:03  Warp Gate  
  27  2:20  Nexus  
  27  2:23  Probe  
  27  2:29  Stalker  
  30  2:35  Pylon  
  30  2:38  Probe  
  31  2:50  Probe  
  31  2:53  Stalker  
  33  3:02  Probe  
  34  3:06  Stalker  
  36  3:15  Probe  
  37  3:21  Unknown  
  38  3:27  Probe  
  36  3:38  Probe  
  36  3:40  Twilight Council  
  37  3:46  Probe  
  38  3:50  Gateway  
  38  3:56  Stalker x2  
  38  4:00  Probe  
  39  4:03  Probe  
  40  4:12  Probe  
  40  4:15  Probe  
  42  4:22  Stalker  
  42  4:23  Stalker  
  44  4:24  Probe  
  44  4:27  Probe  
  46  4:35  Blink (Chrono Boost)  
  46  4:36  Probe  
  47  4:39  Probe  
  47  4:47  Stalker  
  47  4:48  Probe  
  47  4:51  Probe  
  48  4:58  Stalker x2  
  52  5:00  Pylon, Probe  
  52  5:03  Probe  
  54  5:12  Robotics Facility  
  54  5:18  Probe x2  
  54  5:19  Pylon  
  56  5:24  Stalker x2  
  60  5:29  Stalker  
  62  5:37  Probe x2  
  62  5:42  Nexus  
  64  5:44  Pylon  
  64  5:56  Observer  
  64  6:03  Stalker x3, Gateway  
  71  6:06  Shield Battery  
  71  6:12  Probe x2  
  71  6:16  Pylon  
  73  6:24  Probe  
  74  6:28  Observer  
  74  6:30  Probe  
  76  6:34  Stalker  
  76  6:36  Probe  
  79  6:42  Stalker x2, Probe  
  84  6:51  Probe  
  82  6:55  Probe  
  79  7:01  Stalker x2  
  79  7:04  Probe  
  79  7:06  Stalker x2  
  79  7:07  Immortal (Chrono Boost)  
  79  7:08  Probe  
  87  7:09  Probe  
  87  7:14  Pylon  
  86  7:16  Probe  
  86  7:17  Shield Battery  
  86  7:20  Probe  
  86  7:22  Probe  
  75  7:27  Stalker x2  
  70  7:31  Stalker  
  70  7:33  Pylon, Probe  
  70  7:34  Probe  
  70  7:35  Probe  
  70  7:36  Stalker  
  77  7:38  Forge  
  77  7:43  Charge (Chrono Boost)  
  77  7:45  Probe  
  77  7:48  Observer, Gateway  
  77  7:50  Gateway x2  
  78  7:51  Gateway  
  78  7:55  Gateway  
  78  8:01  Zealot x2, Sentry  
  88  8:10  Observer (Chrono Boost)  
  88  8:16  Photon Cannon x2  
  83  8:23  Observer (Chrono Boost)  
  84  8:29  Stalker x3, Photon Cannon  
  90  8:35  Probe x3  
  90  8:37  Observer  
  90  8:40  Warp Prism  
  91  8:44  Protoss Ground Weapons Level 1 (Chrono Boost)  
  92  8:49  Observer  
  92  8:53  Zealot x5  
  101  8:56  Pylon  
  101  8:58  Pylon  
  101  9:00  Pylon  
  101  9:07  Nexus  
  101  9:08  Pylon  
  101  9:18  Zealot x7  
  115  9:27  Zealot  
  117  9:33  Observer  
  113  9:42  Zealot x7  
  112  9:58  Observer  
  110  10:05  Probe x2  
  112  10:10  Zealot x5  
  112  10:11  Zealot x3  
  128  10:24  Photon Cannon  
  128  10:25  Shield Battery  
  126  10:40  Stalker x8  
  138  10:48  Forge  
  128  11:03  Assimilator  
  128  11:05  Stalker x8  
  128  11:11  Photon Cannon, Shield Battery  
  144  11:16  Pylon x2  
  144  11:34  Pylon  
  144  11:38  Zealot x8  
  152  11:43  Gateway  
  152  11:45  Gateway  
  152  11:50  Nexus  
  150  12:08  Zealot x8  
Tags
 
Add a new tag
Caveats
  • Supply blocks, unpowered buildings, or Contaminate may cause inaccurate times.
  • Supply counts are checked every 10 seconds.